Map: Incorporeal LE

Players

ManlyManMeat

  • Race: Zerg Zerg
  • League: Platinum
  • Spawn Location: 11:00

reviere - Winner!

  • Race: Protoss Protoss
  • League: Diamond
  • Spawn Location: 5:00

VOD

Have the link to the VOD?

Description

Time

  • Played on: June 22, 2025, 6:19 a.m.
  • Length: 8:36
Show
View Real Time Build Order
Export as new Build Order

ManlyManMeat Zerg 

Build Orders: Hatch First 

Get SALT Encoding   

  12  0:00  Drone  
  13  0:08  Drone  
  14  0:15  Extractor  
  14  0:16  Drone  
  15  0:22  Overlord  
  15  0:41  Drone  
  16  0:48  Hatchery  
  15  0:51  Drone  
  15  0:55  Drone  
  17  0:59  Drone  
  18  1:09  Extractor  
  17  1:16  Spawning Pool  
  16  1:22  Drone  
  16  1:23  Drone  
  18  1:29  Drone  
  19  1:40  Drone  
  20  2:03  Queen x2  
  20  2:05  Zergling x4  
  26  2:09  Metabolic Boost  
  27  2:17  Overlord  
  26  2:25  Drone x2  
  28  2:39  Drone  
  29  2:45  Drone  
  29  2:46  Drone  
  29  2:49  Hatchery  
  29  2:50  Drone  
  31  3:00  Drone  
  31  3:01  Drone x2  
  34  3:10  Drone x2  
  36  3:14  Overlord  
  36  3:16  Overlord  
  36  3:33  Drone x2  
  38  3:34  Drone x2  
  38  3:38  Baneling Nest  
  38  3:40  Queen  
  41  3:44  Drone x2  
  43  3:49  Zergling x2  
  43  3:55  Drone x4  
  44  4:19  Drone x4  
  47  4:26  Drone  
  47  4:27  Drone x5  
  47  4:30  Lair  
  53  4:34  Hatchery  
  53  4:37  Drone x2  
  54  4:38  Hatchery  
  53  4:53  Queen x2  
  53  4:54  Overlord x3  
  57  5:05  Roach Warren  
  56  5:09  Evolution Chamber  
  55  5:17  Spore Crawler  
  55  5:18  Spore Crawler  
  55  5:19  Zergling x2, Spore Crawler  
  55  5:20  Zergling x20  
  63  5:29  Centrifugal Hooks  
  63  5:32  Extractor  
  62  5:37  Drone x4  
  65  5:44  Zergling x12  
  65  5:45  Zergling x4  
  74  5:50  Drone  
  74  5:51  Zerg Melee Weapons Level 1  
  74  6:16  Zergling x22  
  85  6:21  Overlord x2  
  85  6:22  Overlord x4  
  85  6:23  Baneling  
  85  6:24  Baneling x6  
  85  6:53  Drone x2  
  85  6:54  Drone  
  88  6:55  Hatchery  
  88  6:56  Extractor  
  88  6:58  Drone, Extractor x2  
  88  6:59  Drone x3, Extractor  
  88  7:00  Drone x3  
  90  7:02  Drone x3  
  90  7:03  Drone x3  
  90  7:07  Hydralisk Den  
  95  7:10  Evolution Chamber  
  95  7:11  Zergling x2  
  95  7:12  Zergling x22  
  106  7:35  Baneling x5  
  106  7:36  Baneling x4  
  85  7:44  Zergling x2  
  85  7:45  Zergling x36  
  97  7:55  Zergling x2  
  97  7:56  Zergling x14  
  90  8:05  Zergling x6  
  84  8:12  Zergling x6  
Show
View Real Time Build Order
Export as new Build Order

reviere Protoss - Winner!

Build Orders: Blink Stalkers, Zealot Archon 

Get SALT Encoding   

  12  0:01  Probe  
  13  0:13  Probe  
  14  0:21  Pylon  
  14  0:25  Probe  
  15  0:37  Probe  
  15  0:40  Gateway  
  16  0:45  Probe, Assimilator  
  17  0:55  Probe  
  17  1:03  Probe  
  19  1:11  Probe  
  20  1:22  Probe  
  21  1:32  Cybernetics Core  
  21  1:37  Probe  
  21  1:46  Nexus  
  21  1:51  Probe  
  21  1:54  Assimilator  
  22  2:00  Pylon  
  22  2:08  Probe  
  23  2:10  Warp Gate  
  23  2:12  Adept  
  25  2:24  Probe  
  26  2:31  Twilight Council  
  26  2:36  Probe  
  27  2:45  Adept  
  27  2:48  Probe  
  30  2:51  Gateway  
  30  2:59  Probe  
  30  3:00  Probe  
  32  3:07  Probe, Stalker  
  33  3:13  Probe  
  33  3:14  Blink  
  33  3:17  Probe  
  37  3:25  Probe  
  38  3:29  Probe  
  38  3:33  Shield Battery  
  39  3:41  Probe x2  
  41  3:50  Pylon  
  41  3:53  Probe x2, Robotics Facility  
  41  4:20  Probe x2  
  41  4:21  Stalker  
  41  4:22  Stalker  
  45  4:30  Gateway  
  45  4:31  Gateway  
  45  4:32  Probe x2  
  45  4:33  Gateway  
  45  4:36  Assimilator  
  45  4:37  Gateway  
  47  4:43  Observer  
  48  4:53  Probe x2  
  50  5:01  Immortal, Pylon  
  50  5:05  Charge  
  54  5:22  Stalker x2  
  54  5:24  Probe x2  
  60  5:35  Pylon  
  60  5:37  Pylon  
  60  5:42  Zealot  
  62  5:48  Pylon  
  62  5:54  Pylon, Warp Prism  
  62  5:56  Zealot  
  62  5:57  Sentry, Zealot  
  68  5:58  Sentry x2  
  68  6:00  Nexus  
  68  6:03  Pylon  
  74  6:05  Forge  
  74  6:15  Stalker  
  76  6:21  Protoss Ground Weapons Level 1  
  76  6:23  Zealot x4  
  76  6:24  Zealot  
  86  6:29  Pylon, Probe x2  
  88  6:34  Assimilator  
  88  6:38  Templar Archives  
  88  6:41  Immortal, Probe  
  88  6:44  Probe  
  94  7:15  High Templar  
  94  7:16  High Templar, Zealot x2  
  94  7:17  Zealot x2  
  94  7:20  Archon  
  89  7:44  Probe x3  
  89  7:47  Stalker x2  
  89  7:48  Stalker x2  
  92  7:56  Probe x3, Zealot x2  
  83  8:08  Probe  
  83  8:09  Probe x2  
  70  8:20  Probe  
  70  8:21  Probe  
  70  8:22  Zealot x4  
  70  8:23  Zealot x2  
Tags
 
Add a new tag
Caveats
  • Supply blocks, unpowered buildings, or Contaminate may cause inaccurate times.
  • Supply counts are checked every 10 seconds.